 Dungeon Crawl Stone Soup version 0.22-a0-252-gcace5d2 (webtiles) character file.

7655 KristoblXynda the Grappler (level 10, -24/77 HPs)
             Began as a Green Draconian Monk on Mar 2, 2018.
             Was a Priest of Hepliaklqana.
             Annihilated by confidenceinterval's ghost (26 damage)
             ... on level 10 of the Dungeon.
             The game lasted 00:23:35 (10534 turns).

KristoblXynda the Grappler (Green Draconian Monk)  Turns: 10534, Time: 00:23:35

Health: -24/77     AC: 14    Str: 13 (15) XL:     10   Next: 99%
Magic:  14/14      EV: 16    Int: 11 (13) God:    Hepliaklqana [***...]
Gold:   519        SH:  5    Dex: 10 (13) Spells: 9/9 levels left

rFire    . . .     SeeInvis .   e - +2 dagger (elec)
rCold    . . .     Gourm    .   (no shield)
rNeg     + . .     Faith    .   (armour unavailable)
rPois    +         Spirit   .   (helmet restricted)
rElec    .         Reflect  +   H - +2 cloak {rPois}
rCorr    .         Harm     .   F - +0 pair of gloves
MR       .....                  b - +2 pair of boots
Stlth    ++........             k - +5 amulet of reflection
HPRegen  0.22/turn              z - ring of flight
MPRegen  0.14/turn              A - ring of positive energy

@: about to teleport
A: breathe noxious fumes, unfitting armour, reduced essence, poison resistance,
cold-blooded, AC +7
a: Breathe Noxious Fumes, Recall Ancestor, Ancestor Identity, Transference,
Renounce Religion, Evoke Flight


You were on level 10 of the Dungeon.
You worshipped Hepliaklqana.
Hepliaklqana was most pleased with you.
You were not hungry.

You visited 2 branches of the dungeon, and saw 11 of its levels.
You also visited: Sewer.

You collected 519 gold pieces.

Inventory:

Hand Weapons
 e - a +2 dagger of electrocution (weapon)
 y - a +3 scimitar
Missiles
 s - a throwing net (quivered)
Armour
 b - a +2 pair of boots (worn)
 j - a +0 shield
 F - a +0 pair of gloves (worn)
 H - a +2 cloak of poison resistance (worn)
Jewellery
 k - a +5 amulet of reflection (around neck)
 t - an uncursed amulet of regeneration
 z - a ring of flight (left hand)
 A - a ring of positive energy (right hand)
Wands
 v - a wand of paralysis (2)
 w - a wand of digging (11)
 G - a wand of disintegration (14)
Scrolls
 c - 2 scrolls of immolation
 h - 5 scrolls of teleportation
 i - 2 scrolls of remove curse
 l - 2 scrolls of magic mapping
 p - a scroll of enchant armour
 u - a scroll of fog
 x - a scroll of amnesia
 E - a scroll of fear
Potions
 d - 2 potions of ambrosia {unknown}
 f - 11 potions of curing
 m - 4 potions of flight
 n - 4 potions of agility
 o - 2 potions of might
 C - a potion of berserk rage {unknown}
Comestibles
 a - 18 rations
 g - a chunk of flesh


   Skills:
 + Level 7.0 Fighting
 + Level 8.7 Dodging
 - Level 1.7 Stealth
 + Level 11.6 Unarmed Combat
 + Level 6.6 Evocations


You had 9 spell levels left.
You didn't know any spells.

Dungeon Overview and Level Annotations

Branches:
Dungeon (10/15)            Temple (1/1) D:7            Lair (0/6) D:9
    Orc: D:9-12

Altars:
Ashenzari
Cheibriados
Dithmenos
Elyvilon
Fedhas
Gozag
Hepliaklqana
Kikubaaqudgha
Makhleb
Nemelex Xobeh
Okawaru
Qazlal
Ru
Sif Muna
Trog
Uskayaw
Vehumet
Wu Jian
Xom
Yredelemnul
Zin
The Shining One

Shops:
D:5 [   D:9 %

Annotations:
D:10 confidenceinterval's ghost, journeyman MfSu


Innate Abilities, Weirdness & Mutations

You can breathe blasts of noxious fumes.
Your lurid green scales are hard. (AC +7)
You cannot fit into any form of body armour.
Your system is resistant to poisons. (rPois)
You are cold-blooded and may be slowed by cold attacks.
Your life essence is reduced to manifest your ancestor. (-10% HP)


Message History

You feel much better.
The shadow imp hits you but does no damage.
Confidenceinterval's ghost hits you!
* * * LOW HITPOINT WARNING * * *
x2 You feel much better.
Confidenceinterval's ghost whispers, "It is all a dream - a grotesque and foolish dream."
Confidenceinterval's ghost barely misses you.
The shadow imp completely misses you.
It was a potion of degeneration.
There was something very wrong with that liquid.
You feel weakened.
You feel dopey.
You feel clumsy. Confidenceinterval's ghost hits you!!
* * * LOW HITPOINT WARNING * * *
x2 The shadow imp misses you.
As you read the scroll of teleportation, it crumbles to dust.
You feel strangely unstable.
The shadow imp shouts, "Quit, thou mangled rude-growing nothing!"
The shadow imp gestures at you.
You struggle to resist.
Confidenceinterval's ghost hits you!!
You die...

#....≈≈≈≈≈≈≈≈≈
#....≈≈≈#'≈##≈
#.....≈≈≈(....
#.....≈......)
#.............
#..#........##
#.§W.r........
###########5##5.......##
......5@Wr5r##...5).....
##############........##
########?.. ####


You could see confidenceinterval's ghost, a white imp, 2 shadow imps and 2 rats.

Vanquished Creatures
  2 two-headed ogres (D:8)
  Pikel (D:6)
  Maurice (D:10)
  A spriggan (D:10)
  A wraith (D:8)
  Grum (D:9)
  Menkaure (D:7)
  2 wargs
  A water moccasin (D:8)
  Duvessa (D:7)
  The ghost of ThereIsNoGod the Stinger, an amateur SpVM of Gozag (D:4)
  3 ice beasts
  A slave (D:6)
  A phantom (D:4)
  2 necrophages
  2 centaurs
  2 wolves (D:9)
  An elf zombie (D:8)
  A big kobold (D:9)
  3 bullfrogs
  Dowan (D:7)
  3 scorpions
  9 wights
  3 killer bees (D:8)
  6 crimson imps
  A quasit (D:7)
  A bullfrog zombie (D:7)
  3 jellies
  3 human zombies (D:8)
  A bullfrog skeleton (D:6)
  3 orc priests
  A gnoll shaman (D:5)
  6 hounds
  5 orc wizards
  Terence (D:2)
  2 human skeletons (D:8)
  3 iguanas
  Natasha (thrice) (D:4)
  6 worker ants
  A killer bee zombie (D:9)
  A howler monkey zombie (D:5)
  A howler monkey skeleton (D:2)
  A worker ant zombie (D:8)
  13 gnolls
  3 river rats (Sewer)
  16 adders
  2 oozes
  An adder zombie (D:6)
  2 worms
  4 dart slugs
  5 leopard geckos
  24 orcs
  5 giant cockroaches
  8 goblins
  11 hobgoblins
  13 jackals
  26 kobolds
  5 quokkas
  5 ball pythons
  7 bats
  6 frilled lizards
  2 leopard gecko skeletons
  2 leopard gecko zombies
  A quokka zombie (D:9)
  37 rats
292 creatures vanquished.

Vanquished Creatures (collateral kills)
  A warg (D:9)
  A sky beast (D:9)
  A wolf (D:9)
  A centaur (D:10)
  3 bullfrogs
  2 scorpions
  2 human zombies (D:8)
  An orc priest (D:9)
  A centaur skeleton (D:10)
  A hound (D:9)
  A gnoll (D:9)
  5 kobolds (D:9)
20 creatures vanquished.

Vanquished Creatures (others)
  A human (D:2)
  2 hexers
  An adder zombie (D:6)
  A kobold (D:9)
  A quokka (D:5)
6 creatures vanquished.

Grand Total: 318 creatures vanquished

Notes
Turn   | Place    | Note
-------+----------+-------------------------------------------
     0 | D:1      | KristoblXynda the Draconian Monk began the quest for the Orb.
     0 | D:1      | Reached XP level 1. HP: 19/19 MP: 1/1
    74 | D:1      | Reached XP level 2. HP: 25/26 MP: 2/2
   311 | D:1      | Reached XP level 3. HP: 31/31 MP: 3/3
   392 | D:1      | Reached skill level 4 in Unarmed Combat
   581 | D:2      | Noticed Terence
   594 | D:2      | Killed Terence
   594 | D:2      | Reached XP level 4. HP: 38/38 MP: 4/4
   610 | D:2      | Found an ancient bone altar of Kikubaaqudgha.
   631 | D:2      | Noticed a human
   641 | D:2      | Killed a human
  1954 | D:3      | Reached skill level 5 in Unarmed Combat
  2201 | D:3      | Reached XP level 5. HP: 45/45 MP: 5/5
  2395 | D:3      | Found a stormy altar of Qazlal.
  2885 | D:4      | Noticed Natasha
  2897 | D:4      | Killed Natasha
  2897 | D:4      | Reached XP level 6. HP: 45/51 MP: 6/6
  3021 | D:4      | Noticed ThereIsNoGod's ghost (amateur SpVM)
  3036 | D:4      | Killed ThereIsNoGod's ghost
  3036 | D:4      | Reached skill level 6 in Unarmed Combat
  3043 | D:4      | Noticed Natasha
  3057 | D:4      | Killed Natasha
  3290 | D:4      | Noticed Natasha
  3303 | D:4      | Killed Natasha
  3442 | D:4      | Your scales start taking on a lurid green colour.
  3442 | D:4      | Reached XP level 7. HP: 54/57 MP: 7/7
  3442 | D:4      | Gained mutation: Your system is resistant to poisons. (rPois) [Green Draconian growth]
  3558 | D:5      | Entered Level 5 of the Dungeon
  3587 | D:5      | Reached skill level 7 in Unarmed Combat
  3629 | D:5      | Reached skill level 5 in Dodging
  3665 | D:5      | Found a glowing drain.
  3678 | Sewer    | Entered a sewer
  4357 | D:5      | Reached skill level 8 in Unarmed Combat
  4459 | D:5      | Found a shimmering altar of Xom.
  4481 | D:5      | Found Wihuizan's Armour Shoppe.
  4562 | D:5      | Found a hide-covered altar of Uskayaw.
  4564 | D:5      | Found a sparkling altar of Nemelex Xobeh.
  4611 | D:5      | Reached XP level 8. HP: 55/63 MP: 8/8
  4769 | D:5      | Found a white marble altar of Elyvilon.
  5215 | D:6      | Found a burning altar of Makhleb.
  5234 | D:6      | Found an ancient bone altar of Kikubaaqudgha.
  5323 | D:6      | Reached skill level 9 in Unarmed Combat
  5421 | D:6      | Noticed Pikel
  5477 | D:6      | Killed Pikel
  5626 | D:6      | Found a glowing golden altar of the Shining One.
  5841 | D:6      | Reached XP level 9. HP: 54/70 MP: 10/10
  5915 | D:6      | Found a shadowy altar of Dithmenos.
  6425 | D:7      | Noticed Menkaure
  6441 | D:7      | Killed Menkaure
  6441 | D:7      | Reached skill level 10 in Unarmed Combat
  7057 | D:7      | Noticed Dowan
  7060 | D:7      | Noticed Duvessa
  7076 | D:7      | Killed Dowan
  7107 | D:7      | Killed Duvessa
  7327 | D:7      | Found a staircase to the Ecumenical Temple.
  7336 | Temple   | Entered the Ecumenical Temple
  7458 | Temple   | Became a worshipper of Hepliaklqana the Forgotten
  7458 | Temple   | Reached * piety under Hepliaklqana
  7458 | Temple   | Reached ** piety under Hepliaklqana
  7676 | D:8      | Remembered your ancestor Matia as a hexer
  7921 | D:8      | Noticed a two-headed ogre
  7934 | D:8      | Killed a two-headed ogre
  8083 | D:8      | Reached skill level 5 in Fighting
  8083 | D:8      | Reached XP level 10. HP: 65/72 MP: 13/13
  8214 | D:8      | Reached skill level 5 in Evocations
  8264 | D:8      | Found a basalt altar of Yredelemnul.
  8272 | D:8      | Reached skill level 11 in Unarmed Combat
  8451 | D:8      | Noticed a two-headed ogre
  8466 | D:8      | Killed a two-headed ogre
  9373 | D:9      | Found Oskiodau's Food Shoppe.
  9620 | D:9      | Found a radiant altar of Vehumet.
  9652 | D:9      | Found a staircase to the Lair.
  9809 | D:9      | Noticed Grum
  9830 | D:9      | Killed Grum
 10008 | D:9      | Reached *** piety under Hepliaklqana
 10101 | D:10     | Entered Level 10 of the Dungeon
 10312 | D:10     | Noticed Maurice
 10405 | D:10     | Killed Maurice
 10438 | D:10     | Found a stormy altar of Qazlal.
 10458 | D:10     | Noticed confidenceinterval's ghost (journeyman MfSu)
 10533 | D:10     | HP: 2/77 [confidenceinterval's ghost (5)]
 10534 | D:10     | Annihilated by confidenceinterval's ghost

Vault maps used:
D:1:      tarquinn_simple_flora_water_e, minmay_tromino_mix6
D:2:      first_ration, serial_glass, glass_columns_c, glass_columns_b,
          st_stairs_10, tgw_kikubaaqudgha, uniq_terence
D:3:      lemuel_coloured_pillars_altar, minmay_joined_circles
D:4:      uniq_natasha
D:5:      elyvilon_altar_4, nicolae_overflow_hidden_temple, kennysheep_mini,
          portal_sewer_entry_b, serial_shops, kennysheep_mini_moat
D:6:      old_standard_altar, overflow_temple_1_default,
          nicolae_overflow_crystal_walls, grunt_dithmenos_smoke, uniq_pikel
D:7:      lemuel_temple_firewalk_b, uniq_menkaure, uniq_duvessa
D:8:      lemuel_mausoleum_altar_yredelemnul
D:9:      vehumet_crystals, erik_lair_orcish_takeover, serial_shops,
          nicolae_shop_crystal, uniq_grum
D:10:     the_bakery, nicolae_qazlal_general_emergency, uniq_maurice
Temple:   jpeg_temple_clearing
Sewer:    sewer_minmay_treatment

Skill      XL: |  1  2  3  4  5  6  7  8  9 10 |
---------------+-------------------------------+-----
Dodging        | 3 4 5 6 7 8 |  8.7
Unarmed Combat | 4 5 6 8 9 10 11 | 11.6
Evocations     | 2 4 6 |  6.6
Fighting       | 5 7 |  7.0
Stealth        | |  1.7

Action                   |  1- 3 |  4- 6 |  7- 9 | 10-12 || total
-------------------------+-------+-------+-------+-------++-------
Melee: Unarmed           |    43 |       |       |       ||    43
       Tailslap          |    13 |    17 |    56 |    52 ||   138
       Dagger            |    52 |   238 |   493 |   346 ||  1129
       Punch             |     1 |     4 |     9 |    16 ||    30
Invok: Recall Ancestor   |       |       |     1 |       ||     1
       Ancestor Life: He |       |       |     1 |       ||     1
 Abil: Breathe Noxious F |       |       |     4 |     6 ||    10
Evoke: Wand              |       |       |       |     6 ||     6
  Use: Scroll            |       |     6 |    10 |     4 ||    20
       Potion            |       |     1 |     1 |    13 ||    15
 Stab: Sleeping          |     6 |     6 |     7 |     2 ||    21
       Confused          |       |       |     2 |     3 ||     5
       Distracted        |       |       |     2 |     5 ||     7
       Paralysed         |       |       |       |     7 ||     7
  Eat: Ration            |       |     1 |     2 |     2 ||     5
       Chunk             |       |     5 |     9 |     4 ||    18
Armor: Skin              |    45 |    95 |   156 |   100 ||   396
Dodge: Dodged            |    77 |   135 |   347 |   269 ||   828
Block: Other             |       |    37 |   128 |    80 ||   245
       Reflection        |       |       |       |     3 ||     3

Table legend:
 A = Spawn XP
 B = Non-spawn XP
 C = Spawn XP percentage of total XP
 D = Spawn monster count
 E = Non-spawn monster count
 F = Spawn count percentage of total count
 G = Total turns spent on level
                    A         B        C        D         E        F      G
               +---------+---------+-------+---------+---------+-------+---------
         Total |       0 |   10937 |   0.0 |       0 |     311 |   0.0 | 10534
               +---------+---------+-------+---------+---------+-------+---------
           D:1 |       0 |      60 |   0.0 |       0 |      34 |   0.0 |   575
           D:2 |       0 |      82 |   0.0 |       0 |      18 |   0.0 |   838
           D:3 |       0 |     105 |   0.0 |       0 |      33 |   0.0 |  1153
           D:4 |       0 |     516 |   0.0 |       0 |      19 |   0.0 |   992
           D:5 |       0 |     842 |   0.0 |       0 |      37 |   0.0 |  1017
           D:6 |       0 |    1071 |   0.0 |       0 |      17 |   0.0 |  1177
           D:7 |       0 |     842 |   0.0 |       0 |      18 |   0.0 |  1145
           D:8 |       0 |    4296 |   0.0 |       0 |      44 |   0.0 |  1672
           D:9 |       0 |    1743 |   0.0 |       0 |      32 |   0.0 |   758
          D:10 |       0 |    1229 |   0.0 |       0 |      11 |   0.0 |   433
         Sewer |       0 |     151 |   0.0 |       0 |      48 |   0.0 |   636
               +---------+---------+-------+---------+---------+-------+---------
